[ PARTIDA AOE2 · #474762226 ]
UnrankedPersas vs Saracens
[ ANÁLISIS DE REPETICIÓN · EXTRAÍDO DE LA PARTIDA GRABADA ]
Feudal
10:43
Castillos
14:47
Imperial
29:21
| APM promedio | 43.2 |
| APM pico | 79 |
| eAPM promedio | 19.8 |
| Aldeanos / militares | 154 / 131 |
Foco
⚔️ 25.1% · 🌾 74.9%
Knight ×106 · War Elephant ×20 · Monk ×4 · Scout Cavalry ×1
Feudal
9:30
Castillos
21:07
Imperial
—
| APM promedio | 44.2 |
| APM pico | 102 |
| eAPM promedio | 16.8 |
| Aldeanos / militares | 121 / 152 |
Foco
⚔️ 24.7% · 🌾 75.3%
Archer ×152
Feudal
8:27
Castillos
19:52
Imperial
41:25
| APM promedio | 62.4 |
| APM pico | 164 |
| eAPM promedio | 22.1 |
| Aldeanos / militares | 185 / 226 |
Foco
⚔️ 33.7% · 🌾 66.3%
Knight ×207 · Scout Cavalry ×10 · Leitis ×8 · Monk ×1
Feudal
8:58
Castillos
19:43
Imperial
37:36
| APM promedio | 64.7 |
| APM pico | 132 |
| eAPM promedio | 37.6 |
| Aldeanos / militares | 153 / 232 |
Foco
⚔️ 49.1% · 🌾 50.9%
Knight ×231 · Camel Scout ×1
Feudal
—
Castillos
—
Imperial
—
| APM promedio | 48.4 |
| APM pico | 107 |
| eAPM promedio | 22.6 |
| Aldeanos / militares | 206 / 230 |
Foco
⚔️ 30.5% · 🌾 69.5%
Knight ×206 · Camel Scout ×21 · War Elephant ×2 · Monk ×1
Feudal
8:56
Castillos
23:51
Imperial
38:40
| APM promedio | 46.5 |
| APM pico | 81 |
| eAPM promedio | 18.0 |
| Aldeanos / militares | 101 / 163 |
Foco
⚔️ 34.3% · 🌾 65.7%
Archer ×146 · Skirmisher ×5 · Fire Lancer ×5 · Iron Pagoda ×4 · Bombard Cannon ×2 · Scout Cavalry ×1
Feudal
9:18
Castillos
20:59
Imperial
42:20
| APM promedio | 56.6 |
| APM pico | 116 |
| eAPM promedio | 26.2 |
| Aldeanos / militares | 197 / 23 |
Foco
⚔️ 43.0% · 🌾 57.0%
Unknown (1911) ×86 · Unknown (1908) ×49 · Skirmisher ×11 · Militia ×7 · Iron Pagoda ×5
Feudal
9:09
Castillos
28:47
Imperial
—
| APM promedio | 52.4 |
| APM pico | 100 |
| eAPM promedio | 24.0 |
| Aldeanos / militares | 97 / 138 |
Foco
⚔️ 44.5% · 🌾 55.5%
Archer ×123 · Skirmisher ×12 · Spearman ×2 · Monk ×1
Mapa de la partida
Recursos iniciales + cada clic de construcción. Líneas = muros · curvas = relieve. ◆ oro · ⬟ piedra · ● bayas · ✦ reliquia · ◌ hueco del cierre
Tu base· Abierta — hueco de 4t
Base de A Useless Axe· Abierta — hueco de 6t
Base de DisKrete· Abierta — hueco de 5t
Base de Jaco· Abierta — hueco de 7t
Base de ll SNYPA ll· Abierta — hueco de 9t
Base de AiM | Facu1414· Abierta — hueco de 4t
Base de [RPTea] Fingolfin_aoc· Abierta — hueco de 6t
Base de 开局不死农就算成功· Abierta — hueco de 8t
Terreno inicial suavizado · ◌ = hueco del cierre detectado · pasá el cursor para detalles
Inputs por minuto
— mylove__ - - A Useless Axe
Build order — mylove__
Primeras 150 de 452 acciones detectadas
| 0:06 | Crear | Villager (Male) |
| 0:07 | Crear | Villager (Male) |
| 0:07 | Crear | Villager (Male) |
| 0:07 | Crear | Villager (Male) |
| 0:07 | Crear | Villager (Male) |
| 0:08 | Construir | House |
| 0:11 | Construir | House |
| 1:28 | Crear | Villager (Male) |
| 1:28 | Crear | Villager (Male) |
| 1:49 | Construir | Lumber Camp |
| 2:07 | Crear | Villager (Male) |
| 2:08 | Crear | Villager (Male) |
| 2:25 | Crear | Villager (Male) |
| 2:25 | Crear | Villager (Male) |
| 2:51 | Crear | Villager (Male) |
| 2:51 | Crear | Villager (Male) |
| 3:08 | Crear | Villager (Male) |
| 3:31 | Construir | House |
| 3:54 | Construir | Mill |
| 4:02 | Crear | Villager (Male) |
| 4:02 | Crear | Villager (Male) |
| 4:24 | Crear | Villager (Male) |
| 4:24 | Crear | Villager (Male) |
| 4:24 | Crear | Villager (Male) |
| 4:52 | Crear | Villager (Male) |
| 4:54 | Crear | Villager (Male) |
| 4:58 | Construir | House |
| 5:05 | Crear | Villager (Male) |
| 5:05 | Crear | Villager (Male) |
| 5:37 | Crear | Villager (Male) |
| 5:38 | Crear | Villager (Male) |
| 6:10 | Construir | Farm |
| 6:29 | Crear | Villager (Male) |
| 6:55 | Construir | Mining Camp |
| 7:23 | Crear | Villager (Male) |
| 7:23 | Crear | Villager (Male) |
| 8:07 | Construir | House |
| 8:11 | Crear | Villager (Male) |
| 8:35 | Crear | Villager (Male) |
| 8:39 | Investigar | Feudal Age |
| 8:57 | Construir | Barracks |
| 9:53 | Construir | House |
| 10:39 | Crear | Villager (Male) |
| 10:43 | Edad | Edad Feudal |
| 10:53 | Construir | Stable |
| 11:01 | Crear | Villager (Male) |
| 11:19 | Crear | Villager (Male) |
| 11:39 | Crear | Villager (Male) |
| 11:47 | Construir | Blacksmith |
| 12:22 | Investigar | Castle Age |
| 12:30 | Investigar | Double-Bit Axe |
| 12:39 | Investigar | Horse Collar |
| 13:10 | Construir | Farm |
| 13:19 | Construir | Farm |
| 13:30 | Construir | Farm |
| 13:35 | Construir | Farm |
| 13:49 | Construir | Farm |
| 14:02 | Construir | Farm |
| 14:15 | Construir | House |
| 14:19 | Construir | Farm |
| 14:22 | Construir | Farm |
| 14:37 | Crear | Villager (Male) |
| 14:40 | Investigar | Scale Barding Armor |
| 14:47 | Edad | Edad de los Castillos |
| 14:48 | Crear | Knight |
| 14:48 | Crear | Knight |
| 14:50 | Crear | Knight |
| 14:50 | Crear | Knight |
| 15:06 | Construir | Farm |
| 15:09 | Crear | Villager (Male) |
| 15:19 | Construir | House |
| 15:29 | Crear | Villager (Male) |
| 15:39 | Construir | Farm |
| 15:50 | Crear | Villager (Male) |
| 15:59 | Construir | Town Center |
| 16:01 | Crear | Villager (Male) |
| 16:27 | Construir | Farm |
| 16:28 | Crear | Villager (Male) |
| 16:47 | Construir | Farm |
| 17:09 | Crear | Villager (Male) |
| 17:12 | Construir | Farm |
| 17:27 | Construir | Town Center |
| 17:40 | Crear | Villager (Male) |
| 17:40 | Crear | Villager (Male) |
| 17:46 | Construir | House |
| 18:02 | Crear | Villager (Male) |
| 18:03 | Crear | Villager (Male) |
| 18:03 | Crear | Villager (Male) |
| 18:03 | Crear | Villager (Male) |
| 18:13 | Crear | Villager (Male) |
| 18:15 | Construir | Farm |
| 18:19 | Construir | Farm |
| 18:23 | Crear | Villager (Male) |
| 18:25 | Crear | Villager (Male) |
| 18:25 | Crear | Villager (Male) |
| 18:32 | Construir | Farm |
| 18:34 | Crear | Villager (Male) |
| 18:41 | Crear | Villager (Male) |
| 18:41 | Crear | Villager (Male) |
| 18:42 | Crear | Villager (Male) |
| 18:42 | Crear | Villager (Male) |
| 18:52 | Construir | Farm |
| 18:53 | Construir | Farm |
| 18:55 | Crear | Villager (Male) |
| 18:55 | Crear | Villager (Male) |
| 19:07 | Construir | Farm |
| 19:11 | Crear | Villager (Male) |
| 19:31 | Crear | Villager (Male) |
| 19:32 | Crear | Villager (Male) |
| 19:33 | Crear | Villager (Male) |
| 19:34 | Crear | Villager (Male) |
| 19:36 | Construir | Farm |
| 19:53 | Crear | Villager (Male) |
| 19:55 | Crear | Villager (Male) |
| 19:58 | Construir | Farm |
| 20:01 | Construir | House |
| 20:03 | Construir | House |
| 20:03 | Construir | House |
| 20:05 | Crear | Villager (Male) |
| 20:07 | Crear | Villager (Male) |
| 20:07 | Crear | Villager (Male) |
| 20:19 | Crear | Villager (Male) |
| 20:22 | Construir | Farm |
| 20:24 | Construir | Lumber Camp |
| 20:34 | Crear | Villager (Male) |
| 20:34 | Crear | Villager (Male) |
| 20:35 | Crear | Villager (Male) |
| 20:35 | Crear | Villager (Male) |
| 20:41 | Construir | Farm |
| 20:48 | Crear | Villager (Male) |
| 20:55 | Construir | Farm |
| 21:03 | Crear | Villager (Male) |
| 21:04 | Crear | Villager (Male) |
| 21:06 | Construir | Farm |
| 21:09 | Construir | Farm |
| 21:10 | Crear | Villager (Male) |
| 21:10 | Crear | Villager (Male) |
| 21:11 | Crear | Villager (Male) |
| 21:16 | Crear | Villager (Male) |
| 21:16 | Crear | Villager (Male) |
| 21:26 | Construir | Monastery |
| 21:28 | Crear | Villager (Male) |
| 21:28 | Crear | Villager (Male) |
| 21:43 | Investigar | Bow Saw |
| 21:53 | Construir | Lumber Camp |
| 22:08 | Crear | Monk |
| 22:08 | Crear | Monk |
| 22:10 | Crear | Villager (Male) |
| 22:10 | Crear | Villager (Male) |
| 22:14 | Construir | Farm |
Build order — A Useless Axe
Primeras 150 de 263 acciones detectadas
| 0:02 | Crear | Villager (Male) |
| 0:02 | Crear | Villager (Male) |
| 0:02 | Crear | Villager (Male) |
| 0:02 | Crear | Villager (Male) |
| 0:02 | Crear | Villager (Male) |
| 0:03 | Construir | House |
| 0:06 | Construir | House |
| 1:29 | Crear | Villager (Male) |
| 1:29 | Crear | Villager (Male) |
| 1:29 | Crear | Villager (Male) |
| 1:29 | Crear | Villager (Male) |
| 1:29 | Crear | Villager (Male) |
| 1:50 | Construir | Lumber Camp |
| 2:07 | Crear | Villager (Male) |
| 2:07 | Crear | Villager (Male) |
| 2:07 | Crear | Villager (Male) |
| 2:07 | Crear | Villager (Male) |
| 2:07 | Crear | Villager (Male) |
| 2:07 | Crear | Villager (Male) |
| 2:07 | Crear | Villager (Male) |
| 2:07 | Crear | Villager (Male) |
| 2:07 | Crear | Villager (Male) |
| 2:07 | Crear | Villager (Male) |
| 2:07 | Crear | Villager (Male) |
| 2:07 | Crear | Villager (Male) |
| 2:19 | Crear | Villager (Male) |
| 2:19 | Crear | Villager (Male) |
| 2:19 | Crear | Villager (Male) |
| 2:19 | Crear | Villager (Male) |
| 2:19 | Crear | Villager (Male) |
| 2:19 | Crear | Villager (Male) |
| 2:19 | Crear | Villager (Male) |
| 2:19 | Crear | Villager (Male) |
| 2:19 | Crear | Villager (Male) |
| 2:19 | Crear | Villager (Male) |
| 2:58 | Crear | Villager (Male) |
| 2:58 | Crear | Villager (Male) |
| 2:58 | Crear | Villager (Male) |
| 2:58 | Crear | Villager (Male) |
| 2:58 | Crear | Villager (Male) |
| 3:15 | Crear | Villager (Male) |
| 3:15 | Crear | Villager (Male) |
| 3:15 | Crear | Villager (Male) |
| 3:15 | Crear | Villager (Male) |
| 3:15 | Crear | Villager (Male) |
| 3:15 | Crear | Villager (Male) |
| 3:15 | Crear | Villager (Male) |
| 3:15 | Crear | Villager (Male) |
| 3:15 | Crear | Villager (Male) |
| 3:15 | Crear | Villager (Male) |
| 3:54 | Crear | Villager (Male) |
| 3:54 | Crear | Villager (Male) |
| 4:00 | Construir | House |
| 4:32 | Crear | Villager (Male) |
| 4:32 | Crear | Villager (Male) |
| 4:33 | Crear | Villager (Male) |
| 4:33 | Crear | Villager (Male) |
| 4:33 | Crear | Villager (Male) |
| 4:33 | Crear | Villager (Male) |
| 4:40 | Crear | Villager (Male) |
| 4:40 | Crear | Villager (Male) |
| 4:40 | Crear | Villager (Male) |
| 4:40 | Crear | Villager (Male) |
| 4:40 | Crear | Villager (Male) |
| 4:48 | Construir | Mill |
| 5:12 | Crear | Villager (Male) |
| 5:12 | Crear | Villager (Male) |
| 5:12 | Crear | Villager (Male) |
| 5:12 | Crear | Villager (Male) |
| 5:12 | Crear | Villager (Male) |
| 5:12 | Crear | Villager (Male) |
| 5:12 | Crear | Villager (Male) |
| 5:12 | Crear | Villager (Male) |
| 5:12 | Crear | Villager (Male) |
| 5:12 | Crear | Villager (Male) |
| 6:20 | Investigar | Loom |
| 6:51 | Crear | Villager (Male) |
| 7:20 | Investigar | Feudal Age |
| 8:00 | Construir | Mining Camp |
| 8:26 | Construir | Barracks |
| 8:50 | Construir | House |
| 9:20 | Crear | Villager (Male) |
| 9:30 | Edad | Edad Feudal |
| 9:39 | Construir | Archery Range |
| 9:47 | Crear | Villager (Male) |
| 9:53 | Investigar | Double-Bit Axe |
| 9:58 | Crear | Villager (Male) |
| 10:01 | Construir | Market |
| 10:06 | Crear | Villager (Male) |
| 10:22 | Construir | House |
| 10:35 | Crear | Archer |
| 10:36 | Crear | Archer |
| 10:37 | Crear | Archer |
| 10:37 | Crear | Archer |
| 10:42 | Crear | Villager (Male) |
| 11:20 | Construir | Archery Range |
| 11:22 | Crear | Villager (Male) |
| 11:48 | Crear | Archer |
| 11:54 | Construir | Blacksmith |
| 11:57 | Construir | House |
| 12:00 | Crear | Villager (Male) |
| 12:02 | Crear | Villager (Male) |
| 12:06 | Crear | Archer |
| 12:06 | Crear | Archer |
| 12:26 | Construir | House |
| 12:53 | Crear | Archer |
| 12:59 | Investigar | Fletching |
| 12:59 | Investigar | Fletching |
| 13:00 | Construir | House |
| 13:05 | Construir | House |
| 13:08 | Crear | Villager (Male) |
| 13:08 | Crear | Villager (Male) |
| 13:21 | Construir | House |
| 13:26 | Crear | Archer |
| 13:27 | Crear | Archer |
| 13:30 | Construir | House |
| 13:44 | Crear | Villager (Male) |
| 14:12 | Crear | Archer ×5 |
| 14:12 | Crear | Archer ×5 |
| 14:15 | Crear | Villager (Male) |
| 14:15 | Crear | Villager (Male) |
| 14:42 | Crear | Villager (Male) |
| 14:42 | Crear | Villager (Male) |
| 14:42 | Crear | Villager (Male) |
| 14:42 | Crear | Villager (Male) |
| 14:44 | Crear | Archer ×4 |
| 14:45 | Crear | Archer ×4 |
| 15:05 | Construir | House |
| 15:13 | Crear | Villager (Male) |
| 15:13 | Crear | Villager (Male) |
| 15:43 | Crear | Villager (Male) |
| 15:57 | Crear | Villager (Male) |
| 16:32 | Crear | Villager (Male) |
| 16:47 | Crear | Villager (Male) |
| 17:19 | Construir | House |
| 17:43 | Crear | Villager (Male) |
| 18:14 | Crear | Villager (Male) |
| 18:25 | Investigar | Castle Age |
| 18:37 | Construir | Mining Camp |
| 18:44 | Crear | Archer ×4 |
| 18:45 | Crear | Archer ×4 |
| 18:45 | Crear | Archer |
| 19:35 | Crear | Archer |
| 19:35 | Crear | Archer |
| 19:39 | Construir | House |
| 19:51 | Construir | Archery Range |
| 20:09 | Crear | Villager (Male) |
| 20:20 | Investigar | Gold Mining |
| 20:27 | Crear | Archer ×3 |
| 20:27 | Crear | Archer ×3 |
Build order — DisKrete
Primeras 150 de 476 acciones detectadas
| 0:01 | Crear | Villager (Male) |
| 0:01 | Crear | Villager (Male) |
| 0:02 | Crear | Villager (Male) |
| 0:02 | Crear | Villager (Male) |
| 0:03 | Construir | House |
| 0:04 | Construir | House |
| 0:22 | Crear | Villager (Male) |
| 0:22 | Crear | Villager (Male) |
| 0:22 | Crear | Villager (Male) |
| 1:31 | Crear | Villager (Male) |
| 1:31 | Crear | Villager (Male) |
| 1:45 | Construir | Lumber Camp |
| 2:12 | Crear | Villager (Male) |
| 2:13 | Crear | Villager (Male) |
| 2:56 | Crear | Villager (Male) |
| 2:56 | Crear | Villager (Male) |
| 2:56 | Crear | Villager (Male) |
| 3:00 | Construir | House |
| 3:02 | Construir | House |
| 4:07 | Crear | Villager (Male) |
| 4:08 | Crear | Villager (Male) |
| 4:08 | Crear | Villager (Male) |
| 4:08 | Crear | Villager (Male) |
| 4:10 | Investigar | Loom |
| 5:05 | Construir | Mill |
| 6:11 | Investigar | Feudal Age |
| 6:11 | Investigar | Feudal Age |
| 7:00 | Construir | Barracks |
| 7:29 | Crear | Villager (Male) |
| 7:30 | Crear | Villager (Male) |
| 8:06 | Construir | House |
| 8:27 | Edad | Edad Feudal |
| 8:29 | Construir | Stable |
| 8:45 | Investigar | Double-Bit Axe |
| 8:45 | Investigar | Double-Bit Axe |
| 9:04 | Construir | House |
| 9:14 | Crear | Villager (Male) |
| 9:26 | Crear | Scout Cavalry |
| 9:26 | Crear | Scout Cavalry |
| 9:27 | Crear | Scout Cavalry |
| 9:27 | Crear | Scout Cavalry |
| 9:38 | Crear | Villager (Male) |
| 9:38 | Crear | Villager (Male) |
| 9:40 | Construir | House |
| 9:42 | Construir | Farm |
| 9:45 | Construir | Farm |
| 9:50 | Crear | Villager (Male) |
| 9:50 | Crear | Villager (Male) |
| 10:00 | Construir | Farm |
| 10:16 | Construir | Farm |
| 10:22 | Crear | Villager (Male) |
| 10:22 | Crear | Villager (Male) |
| 10:25 | Construir | House |
| 10:28 | Crear | Scout Cavalry |
| 10:28 | Crear | Scout Cavalry |
| 10:41 | Construir | Farm |
| 10:49 | Construir | House |
| 10:52 | Crear | Villager (Male) |
| 10:53 | Crear | Villager (Male) |
| 11:01 | Construir | Farm |
| 11:12 | Construir | House |
| 11:16 | Crear | Villager (Male) |
| 11:31 | Crear | Villager (Male) |
| 11:46 | Construir | Farm |
| 11:52 | Crear | Villager (Male) |
| 11:56 | Construir | Mining Camp |
| 12:06 | Crear | Scout Cavalry |
| 12:06 | Crear | Scout Cavalry |
| 12:12 | Crear | Villager (Male) |
| 12:15 | Construir | House |
| 12:17 | Construir | House |
| 12:35 | Crear | Villager (Male) |
| 12:55 | Construir | Farm |
| 12:58 | Construir | Farm |
| 13:04 | Crear | Villager (Male) |
| 13:17 | Construir | House |
| 13:25 | Crear | Scout Cavalry |
| 13:42 | Construir | Blacksmith |
| 13:43 | Crear | Villager (Male) |
| 14:15 | Construir | Farm |
| 14:15 | Crear | Villager (Male) |
| 14:23 | Construir | Farm |
| 14:25 | Construir | Farm |
| 14:32 | Crear | Villager (Male) |
| 14:40 | Construir | Farm |
| 14:50 | Construir | Farm |
| 15:06 | Crear | Villager (Male) |
| 15:11 | Construir | Farm |
| 15:22 | Construir | Farm |
| 15:49 | Crear | Villager (Male) |
| 15:55 | Construir | Market |
| 16:20 | Crear | Villager (Male) |
| 16:22 | Crear | Villager (Male) |
| 17:12 | Investigar | Castle Age |
| 17:13 | Investigar | Castle Age |
| 17:44 | Construir | Stable |
| 17:57 | Investigar | Bloodlines |
| 18:16 | Investigar | Scale Barding Armor |
| 18:16 | Investigar | Scale Barding Armor |
| 18:29 | Investigar | Horse Collar |
| 18:29 | Investigar | Horse Collar |
| 18:29 | Investigar | Horse Collar |
| 18:41 | Construir | Lumber Camp |
| 19:00 | Investigar | Forging |
| 19:22 | Crear | Villager (Male) |
| 19:52 | Edad | Edad de los Castillos |
| 19:54 | Construir | Monastery |
| 19:56 | Crear | Knight ×3 |
| 19:56 | Crear | Knight ×3 |
| 20:00 | Crear | Villager (Male) |
| 20:22 | Crear | Knight |
| 20:32 | Construir | Town Center |
| 20:41 | Crear | Monk |
| 20:47 | Crear | Villager (Male) |
| 20:47 | Crear | Villager (Male) |
| 20:53 | Crear | Scout Cavalry |
| 20:59 | Investigar | Gold Mining |
| 20:59 | Investigar | Gold Mining |
| 21:02 | Crear | Villager (Male) |
| 21:02 | Crear | Villager (Male) |
| 21:17 | Crear | Knight |
| 21:18 | Crear | Knight |
| 21:21 | Crear | Villager (Male) |
| 21:36 | Crear | Villager (Male) |
| 21:46 | Crear | Villager (Male) |
| 21:56 | Crear | Knight |
| 21:56 | Crear | Knight |
| 21:59 | Crear | Villager (Male) |
| 21:59 | Crear | Villager (Male) |
| 21:59 | Crear | Villager (Male) |
| 22:14 | Crear | Villager (Male) |
| 22:17 | Construir | Farm |
| 22:19 | Construir | Farm |
| 22:19 | Construir | Farm |
| 22:19 | Construir | Farm |
| 22:19 | Construir | Farm |
| 22:20 | Construir | Farm |
| 22:20 | Construir | Farm |
| 22:20 | Construir | Farm |
| 22:35 | Crear | Knight ×2 |
| 22:35 | Crear | Knight ×2 |
| 22:37 | Crear | Villager (Male) |
| 22:37 | Crear | Villager (Male) |
| 22:42 | Construir | Farm |
| 22:45 | Crear | Villager (Male) |
| 22:45 | Crear | Villager (Male) |
| 22:50 | Construir | House |
| 22:51 | Construir | House |
| 23:14 | Crear | Villager (Male) |
| 23:14 | Crear | Villager (Male) |
Build order — Jaco
Primeras 150 de 556 acciones detectadas
| 0:00 | Crear | Villager (Male) |
| 0:01 | Crear | Villager (Male) |
| 0:01 | Crear | Villager (Male) |
| 0:02 | Crear | Villager (Male) |
| 0:02 | Construir | House |
| 0:05 | Construir | House |
| 1:32 | Crear | Villager (Male) |
| 1:32 | Crear | Villager (Male) |
| 2:03 | Crear | Villager (Male) |
| 2:04 | Crear | Villager (Male) |
| 2:04 | Crear | Villager (Male) |
| 2:21 | Construir | Lumber Camp |
| 2:35 | Crear | Villager (Male) |
| 2:35 | Crear | Villager (Male) |
| 3:18 | Crear | Villager (Male) |
| 3:19 | Crear | Villager (Male) |
| 3:19 | Crear | Villager (Male) |
| 3:57 | Construir | House |
| 4:03 | Crear | Villager (Male) |
| 4:03 | Crear | Villager (Male) |
| 4:28 | Construir | House |
| 4:55 | Crear | Villager (Male) |
| 5:09 | Crear | Villager (Male) |
| 5:23 | Construir | Mill |
| 5:29 | Construir | Mill |
| 5:32 | Crear | Villager (Male) |
| 6:20 | Crear | Villager (Male) |
| 6:48 | Investigar | Feudal Age |
| 6:48 | Investigar | Feudal Age |
| 8:12 | Crear | Villager (Male) |
| 8:12 | Crear | Villager (Male) |
| 8:58 | Edad | Edad Feudal |
| 9:02 | Construir | Town Center |
| 9:08 | Investigar | Double-Bit Axe |
| 9:08 | Investigar | Double-Bit Axe |
| 9:09 | Investigar | Horse Collar |
| 9:09 | Investigar | Horse Collar |
| 9:15 | Crear | Villager (Male) |
| 9:50 | Construir | Farm |
| 9:55 | Crear | Villager (Male) |
| 10:01 | Crear | Villager (Male) |
| 10:12 | Construir | Farm |
| 10:23 | Crear | Villager (Male) |
| 10:24 | Crear | Villager (Male) |
| 10:34 | Construir | House |
| 10:35 | Construir | House |
| 10:48 | Crear | Villager (Male) |
| 10:48 | Crear | Villager (Male) |
| 10:50 | Construir | Farm |
| 10:53 | Construir | Farm |
| 11:00 | Crear | Villager (Male) |
| 11:00 | Crear | Villager (Male) |
| 11:01 | Crear | Villager (Male) |
| 11:07 | Construir | House |
| 11:16 | Construir | Farm |
| 11:28 | Construir | Farm |
| 11:29 | Crear | Villager (Male) |
| 11:37 | Construir | Farm |
| 11:39 | Crear | Villager (Male) |
| 11:42 | Construir | House |
| 11:50 | Construir | House |
| 11:55 | Construir | Farm |
| 11:58 | Crear | Villager (Male) |
| 11:58 | Crear | Villager (Male) |
| 12:04 | Construir | Farm |
| 12:09 | Crear | Villager (Male) |
| 12:10 | Crear | Villager (Male) |
| 12:13 | Construir | Farm |
| 12:22 | Construir | Farm |
| 12:23 | Crear | Villager (Male) |
| 12:23 | Crear | Villager (Male) |
| 12:30 | Crear | Villager (Male) |
| 12:32 | Construir | Farm |
| 12:44 | Construir | Farm |
| 12:48 | Crear | Villager (Male) |
| 12:49 | Crear | Villager (Male) |
| 12:53 | Construir | Farm |
| 12:57 | Construir | House |
| 13:00 | Construir | House |
| 13:01 | Construir | House |
| 13:02 | Construir | House |
| 13:04 | Crear | Villager (Male) |
| 13:05 | Crear | Villager (Male) |
| 13:12 | Construir | Farm |
| 13:22 | Crear | Villager (Male) |
| 13:22 | Crear | Villager (Male) |
| 13:25 | Construir | Farm |
| 13:32 | Construir | House |
| 13:42 | Construir | Farm |
| 13:45 | Crear | Villager (Male) |
| 13:45 | Crear | Villager (Male) |
| 13:52 | Construir | Farm |
| 13:59 | Crear | Villager (Male) |
| 13:59 | Crear | Villager (Male) |
| 14:00 | Crear | Villager (Male) |
| 14:07 | Construir | Farm |
| 14:18 | Construir | Farm |
| 14:23 | Construir | House |
| 14:27 | Crear | Villager (Male) |
| 14:27 | Crear | Villager (Male) |
| 14:44 | Construir | Blacksmith |
| 14:55 | Construir | Farm |
| 15:00 | Crear | Villager (Male) |
| 15:00 | Crear | Villager (Male) |
| 15:09 | Construir | Farm |
| 15:15 | Construir | House |
| 15:17 | Crear | Villager (Male) |
| 15:18 | Crear | Villager (Male) |
| 15:30 | Construir | Market |
| 15:44 | Construir | Mining Camp |
| 15:48 | Construir | House |
| 15:51 | Crear | Villager (Male) |
| 16:27 | Crear | Villager (Male) |
| 16:28 | Crear | Villager (Male) |
| 17:00 | Crear | Villager (Male) |
| 17:03 | Investigar | Castle Age |
| 17:03 | Investigar | Castle Age |
| 17:18 | Investigar | Stone Mining |
| 17:19 | Investigar | Stone Mining |
| 17:33 | Investigar | Wheelbarrow |
| 17:33 | Investigar | Wheelbarrow |
| 18:11 | Construir | Barracks |
| 18:22 | Investigar | Scale Barding Armor |
| 18:22 | Investigar | Scale Barding Armor |
| 18:37 | Investigar | Loom |
| 18:38 | Crear | Villager (Male) |
| 18:38 | Crear | Villager (Male) |
| 19:01 | Crear | Villager (Male) |
| 19:01 | Crear | Villager (Male) |
| 19:31 | Construir | Stable |
| 19:34 | Construir | Stable |
| 19:43 | Edad | Edad de los Castillos |
| 19:44 | Investigar | Chain Barding Armor |
| 19:44 | Investigar | Chain Barding Armor |
| 19:48 | Construir | Town Center |
| 19:52 | Construir | Town Center |
| 19:56 | Crear | Villager (Male) |
| 19:57 | Crear | Villager (Male) |
| 19:58 | Crear | Villager (Male) |
| 20:24 | Investigar | Bloodlines |
| 20:24 | Investigar | Bloodlines |
| 20:30 | Crear | Villager (Male) |
| 20:30 | Crear | Villager (Male) |
| 20:35 | Crear | Knight |
| 20:35 | Crear | Knight |
| 20:38 | Crear | Villager (Male) |
| 20:38 | Crear | Villager (Male) |
| 20:41 | Investigar | Bow Saw |
| 20:41 | Investigar | Heavy Plow |
| 20:41 | Investigar | Heavy Plow |
Build order — ll SNYPA ll
Primeras 150 de 504 acciones detectadas
| 0:02 | Construir | House |
| 0:03 | Construir | House |
| 0:04 | Crear | Villager (Male) |
| 0:04 | Crear | Villager (Male) |
| 0:14 | Crear | Villager (Male) |
| 0:14 | Crear | Villager (Male) |
| 0:14 | Crear | Villager (Male) |
| 0:14 | Crear | Villager (Male) |
| 0:14 | Crear | Villager (Male) |
| 1:34 | Crear | Villager (Male) |
| 1:34 | Crear | Villager (Male) |
| 2:09 | Crear | Villager (Male) |
| 2:09 | Crear | Villager (Male) |
| 2:30 | Construir | Lumber Camp |
| 2:49 | Crear | Villager (Male) |
| 2:49 | Crear | Villager (Male) |
| 2:49 | Crear | Villager (Male) |
| 2:49 | Crear | Villager (Male) |
| 3:26 | Crear | Villager (Male) |
| 3:26 | Crear | Villager (Male) |
| 3:42 | Construir | House |
| 3:43 | Construir | House |
| 4:05 | Crear | Villager (Male) |
| 4:05 | Crear | Villager (Male) |
| 4:06 | Crear | Villager (Male) |
| 4:07 | Crear | Villager (Male) |
| 4:07 | Crear | Villager (Male) |
| 4:11 | Crear | Villager (Male) |
| 4:11 | Crear | Villager (Male) |
| 4:32 | Crear | Villager (Male) |
| 4:32 | Crear | Villager (Male) |
| 4:44 | Crear | Villager (Male) |
| 4:44 | Crear | Villager (Male) |
| 4:46 | Construir | Mill |
| 5:14 | Crear | Villager (Male) |
| 5:24 | Crear | Villager (Male) |
| 5:24 | Crear | Villager (Male) |
| 6:09 | Crear | Villager (Male) |
| 6:30 | Crear | Villager (Male) |
| 6:30 | Crear | Villager (Male) |
| 6:40 | Construir | Farm |
| 6:42 | Construir | Farm |
| 6:49 | Crear | Villager (Male) |
| 6:49 | Crear | Villager (Male) |
| 7:13 | Construir | House |
| 7:16 | Construir | House |
| 7:19 | Crear | Villager (Male) |
| 7:19 | Crear | Villager (Male) |
| 7:33 | Crear | Villager (Male) |
| 8:15 | Crear | Villager (Male) |
| 8:23 | Investigar | Feudal Age |
| 8:35 | Construir | Mining Camp |
| 9:53 | Crear | Villager (Male) |
| 9:55 | Crear | Villager (Male) |
| 10:34 | Crear | Villager (Male) |
| 10:48 | Crear | Villager (Male) |
| 10:53 | Construir | Market |
| 10:55 | Construir | Blacksmith |
| 11:49 | Investigar | Castle Age |
| 11:49 | Investigar | Castle Age |
| 11:59 | Construir | Farm |
| 12:00 | Construir | Farm |
| 12:39 | Investigar | Double-Bit Axe |
| 12:40 | Investigar | Horse Collar |
| 12:52 | Construir | Farm |
| 14:15 | Construir | Town Center |
| 14:18 | Construir | Town Center |
| 14:19 | Investigar | Bow Saw |
| 14:20 | Investigar | Heavy Plow |
| 14:21 | Crear | Villager (Male) |
| 14:26 | Construir | Farm |
| 14:53 | Crear | Villager (Male) |
| 14:53 | Crear | Villager (Male) |
| 14:58 | Construir | Farm |
| 15:01 | Construir | Farm |
| 15:18 | Crear | Villager (Male) |
| 15:19 | Crear | Villager (Male) |
| 15:27 | Construir | Farm |
| 15:35 | Investigar | Loom |
| 15:41 | Construir | House |
| 15:42 | Construir | House |
| 15:46 | Construir | Farm |
| 15:47 | Crear | Villager (Male) |
| 15:47 | Crear | Villager (Male) |
| 15:51 | Construir | Farm |
| 15:51 | Construir | Farm |
| 15:59 | Construir | Farm |
| 15:59 | Crear | Villager (Male) |
| 15:59 | Crear | Villager (Male) |
| 16:00 | Crear | Villager (Male) |
| 16:08 | Construir | House |
| 16:12 | Construir | Outpost |
| 16:13 | Construir | Outpost |
| 16:15 | Construir | Outpost |
| 16:22 | Construir | Farm |
| 16:24 | Construir | Farm |
| 16:25 | Crear | Villager (Male) |
| 16:45 | Crear | Villager (Male) |
| 16:45 | Crear | Villager (Male) |
| 16:47 | Construir | Farm |
| 16:49 | Construir | Farm |
| 16:59 | Construir | Farm |
| 17:02 | Crear | Villager (Male) |
| 17:02 | Crear | Villager (Male) |
| 17:03 | Crear | Villager (Male) |
| 17:10 | Construir | Farm |
| 17:12 | Construir | Farm |
| 17:12 | Crear | Villager (Male) |
| 17:12 | Crear | Villager (Male) |
| 17:12 | Crear | Villager (Male) |
| 17:12 | Crear | Villager (Male) |
| 17:25 | Construir | Farm |
| 17:27 | Crear | Villager (Male) |
| 17:27 | Crear | Villager (Male) |
| 17:37 | Crear | Villager (Male) |
| 17:38 | Crear | Villager (Male) |
| 17:38 | Crear | Villager (Male) |
| 17:48 | Crear | Villager (Male) |
| 17:48 | Crear | Villager (Male) |
| 17:53 | Construir | Monastery |
| 17:55 | Crear | Villager (Male) |
| 17:55 | Crear | Villager (Male) |
| 17:56 | Crear | Villager (Male) |
| 18:01 | Construir | Farm |
| 18:03 | Construir | Farm |
| 18:05 | Construir | Farm |
| 18:05 | Crear | Villager (Male) |
| 18:06 | Crear | Villager (Male) |
| 18:06 | Crear | Villager (Male) |
| 18:16 | Construir | Farm |
| 18:16 | Crear | Villager (Male) |
| 18:16 | Crear | Villager (Male) |
| 18:16 | Crear | Villager (Male) |
| 18:18 | Crear | Villager (Male) |
| 18:19 | Crear | Villager (Male) |
| 18:34 | Construir | House |
| 18:36 | Construir | House |
| 18:39 | Crear | Villager (Male) |
| 18:39 | Crear | Villager (Male) |
| 18:39 | Crear | Villager (Male) |
| 18:41 | Crear | Villager (Male) |
| 18:48 | Crear | Villager (Male) |
| 18:48 | Crear | Villager (Male) |
| 18:48 | Crear | Villager (Male) |
| 18:48 | Crear | Villager (Male) |
| 18:51 | Crear | Monk |
| 18:55 | Construir | Farm |
| 18:56 | Crear | Villager (Male) |
| 18:56 | Crear | Villager (Male) |
| 18:56 | Crear | Villager (Male) |
Build order — AiM | Facu1414
Primeras 150 de 305 acciones detectadas
| 0:01 | Crear | Villager (Male) ×4 |
| 0:01 | Crear | Villager (Male) ×4 |
| 0:03 | Investigar | Loom |
| 0:04 | Construir | House |
| 0:05 | Construir | House |
| 1:37 | Crear | Villager (Male) |
| 1:37 | Crear | Villager (Male) |
| 1:47 | Construir | Lumber Camp |
| 2:06 | Crear | Villager (Male) |
| 2:06 | Crear | Villager (Male) |
| 2:29 | Crear | Villager (Male) ×2 |
| 2:29 | Crear | Villager (Male) ×2 |
| 3:04 | Construir | House |
| 3:11 | Crear | Villager (Male) |
| 3:11 | Crear | Villager (Male) |
| 3:54 | Crear | Villager (Male) |
| 3:54 | Crear | Villager (Male) |
| 4:56 | Crear | Villager (Male) |
| 4:56 | Crear | Villager (Male) |
| 5:35 | Crear | Villager (Male) |
| 6:01 | Investigar | Loom |
| 6:12 | Construir | Mining Camp |
| 6:46 | Investigar | Feudal Age |
| 6:46 | Investigar | Feudal Age |
| 6:53 | Construir | Barracks |
| 7:37 | Construir | House |
| 7:59 | Crear | Villager (Male) |
| 7:59 | Crear | Villager (Male) |
| 8:56 | Edad | Edad Feudal |
| 8:59 | Construir | Archery Range |
| 9:12 | Construir | Blacksmith |
| 9:24 | Investigar | Double-Bit Axe |
| 9:44 | Construir | House |
| 9:47 | Construir | House |
| 9:48 | Crear | Archer |
| 9:49 | Crear | Archer |
| 9:53 | Crear | Villager (Male) |
| 10:15 | Construir | House |
| 10:19 | Construir | Archery Range |
| 10:25 | Investigar | Fletching |
| 10:25 | Investigar | Fletching |
| 10:46 | Crear | Archer |
| 11:04 | Construir | House |
| 11:17 | Crear | Villager (Male) |
| 11:18 | Crear | Villager (Male) |
| 11:40 | Crear | Archer |
| 11:52 | Crear | Villager (Male) |
| 11:53 | Crear | Villager (Male) |
| 12:08 | Crear | Archer |
| 12:38 | Crear | Archer |
| 12:38 | Crear | Archer |
| 12:43 | Crear | Villager (Male) |
| 12:43 | Crear | Villager (Male) |
| 12:57 | Crear | Villager (Male) |
| 12:58 | Crear | Villager (Male) |
| 13:02 | Construir | Stable |
| 13:06 | Construir | Mill |
| 13:13 | Crear | Archer |
| 13:14 | Crear | Archer |
| 13:25 | Crear | Villager (Male) |
| 13:25 | Crear | Villager (Male) |
| 13:33 | Crear | Villager (Male) |
| 13:34 | Crear | Archer |
| 13:34 | Crear | Archer |
| 13:53 | Crear | Archer |
| 13:53 | Crear | Archer |
| 14:02 | Construir | House |
| 14:17 | Construir | House |
| 14:27 | Crear | Archer ×2 |
| 14:27 | Crear | Archer ×2 |
| 14:33 | Construir | House |
| 14:39 | Crear | Archer |
| 14:39 | Crear | Archer |
| 14:47 | Construir | House |
| 14:52 | Crear | Villager (Male) |
| 14:52 | Crear | Villager (Male) |
| 14:59 | Crear | Villager (Male) |
| 14:59 | Crear | Villager (Male) |
| 15:15 | Construir | House |
| 15:19 | Construir | Farm |
| 15:19 | Construir | Farm |
| 15:19 | Construir | Farm |
| 15:20 | Construir | Farm |
| 15:23 | Crear | Archer ×3 |
| 15:23 | Crear | Archer ×3 |
| 15:39 | Crear | Scout Cavalry |
| 15:41 | Crear | Archer |
| 15:41 | Crear | Archer |
| 15:59 | Crear | Archer |
| 16:11 | Crear | Villager (Male) |
| 16:11 | Crear | Villager (Male) |
| 16:12 | Crear | Villager (Male) |
| 16:38 | Crear | Villager (Male) |
| 16:39 | Crear | Villager (Male) |
| 17:23 | Construir | Farm |
| 17:26 | Construir | Farm |
| 17:26 | Crear | Villager (Male) |
| 17:27 | Crear | Villager (Male) |
| 17:27 | Crear | Villager (Male) |
| 17:35 | Construir | Farm |
| 17:35 | Construir | Farm |
| 17:35 | Construir | Farm |
| 17:35 | Construir | Farm |
| 17:36 | Construir | Farm |
| 18:00 | Crear | Villager (Male) |
| 18:03 | Construir | Farm |
| 18:22 | Crear | Villager (Male) |
| 18:22 | Crear | Villager (Male) |
| 18:28 | Construir | Farm |
| 18:28 | Construir | Farm |
| 18:28 | Construir | Farm |
| 18:34 | Construir | Farm |
| 19:04 | Crear | Villager (Male) |
| 19:08 | Construir | Farm |
| 20:13 | Crear | Villager (Male) |
| 20:35 | Construir | Market |
| 20:39 | Crear | Villager (Male) |
| 20:42 | Construir | Farm |
| 20:42 | Construir | Farm |
| 20:42 | Construir | Farm |
| 20:58 | Investigar | Castle Age |
| 21:07 | Construir | Archery Range |
| 21:15 | Construir | House |
| 21:16 | Construir | House |
| 21:31 | Construir | Archery Range |
| 21:50 | Investigar | Wheelbarrow |
| 22:04 | Crear | Archer ×5 |
| 22:46 | Construir | Mining Camp |
| 22:57 | Investigar | Gold Mining |
| 23:51 | Edad | Edad de los Castillos |
| 23:53 | Construir | Siege Workshop |
| 23:55 | Investigar | Crossbowman (upgrade) |
| 23:57 | Investigar | Bodkin Arrow |
| 23:59 | Investigar | Thumb Ring |
| 24:04 | Construir | University |
| 24:11 | Crear | Villager (Male) |
| 24:12 | Crear | Villager (Male) |
| 24:12 | Crear | Villager (Male) |
| 24:25 | Construir | Lumber Camp |
| 24:30 | Crear | Archer ×4 |
| 24:30 | Crear | Archer ×4 |
| 24:51 | Construir | Outpost |
| 24:58 | Crear | Villager (Male) |
| 24:59 | Crear | Villager (Male) |
| 25:50 | Crear | Iron Pagoda |
| 25:58 | Crear | Villager (Male) |
| 25:58 | Crear | Villager (Male) |
| 26:10 | Investigar | Ballistics |
| 26:11 | Investigar | Ballistics |
| 26:11 | Investigar | Ballistics |
Build order — [RPTea] Fingolfin_aoc
Primeras 150 de 426 acciones detectadas
| 0:01 | Crear | Villager (Male) |
| 0:01 | Crear | Villager (Male) |
| 0:01 | Crear | Villager (Male) |
| 0:02 | Construir | House |
| 0:03 | Construir | House |
| 0:17 | Crear | Villager (Male) |
| 1:31 | Crear | Villager (Male) |
| 1:31 | Crear | Villager (Male) |
| 1:43 | Crear | Villager (Male) |
| 1:43 | Crear | Villager (Male) |
| 2:22 | Construir | Lumber Camp |
| 2:26 | Crear | Villager (Male) |
| 2:28 | Crear | Villager (Male) |
| 2:28 | Crear | Villager (Male) |
| 3:09 | Crear | Villager (Male) |
| 3:09 | Crear | Villager (Male) |
| 3:09 | Crear | Villager (Male) |
| 3:33 | Crear | Villager (Male) |
| 3:33 | Crear | Villager (Male) |
| 3:33 | Crear | Villager (Male) |
| 3:56 | Construir | House |
| 4:00 | Crear | Villager (Male) |
| 4:00 | Crear | Villager (Male) |
| 4:46 | Crear | Villager (Male) |
| 5:28 | Construir | Mill |
| 5:43 | Crear | Villager (Male) |
| 5:45 | Crear | Villager (Male) |
| 6:00 | Construir | Barracks |
| 6:43 | Investigar | Loom |
| 6:57 | Investigar | Feudal Age |
| 7:02 | Construir | House |
| 7:25 | Crear | Militia |
| 7:25 | Crear | Militia |
| 7:35 | Construir | House |
| 7:47 | Crear | Militia |
| 7:47 | Crear | Militia |
| 7:47 | Crear | Militia |
| 7:53 | Construir | Mining Camp |
| 8:28 | Crear | Militia |
| 8:28 | Crear | Militia |
| 8:43 | Crear | Villager (Male) |
| 8:57 | Crear | Villager (Male) |
| 9:18 | Edad | Edad Feudal |
| 9:23 | Investigar | Man-at-Arms (upgrade) |
| 9:23 | Investigar | Man-at-Arms (upgrade) |
| 9:23 | Investigar | Man-at-Arms (upgrade) |
| 9:34 | Construir | Archery Range |
| 9:45 | Crear | Villager (Male) |
| 10:15 | Construir | House |
| 10:16 | Construir | House |
| 10:19 | Crear | Villager (Male) |
| 10:43 | Crear | Skirmisher |
| 10:44 | Crear | Skirmisher |
| 10:51 | Construir | Archery Range |
| 10:53 | Crear | Villager (Male) |
| 11:14 | Crear | Skirmisher |
| 11:16 | Construir | House |
| 11:17 | Construir | House |
| 11:23 | Construir | House |
| 11:24 | Construir | House |
| 11:25 | Construir | House |
| 11:26 | Construir | House |
| 11:36 | Construir | House |
| 11:42 | Crear | Villager (Male) |
| 11:42 | Crear | Villager (Male) |
| 11:56 | Crear | Skirmisher |
| 11:56 | Crear | Skirmisher |
| 12:23 | Crear | Skirmisher |
| 12:23 | Crear | Skirmisher |
| 12:32 | Crear | Skirmisher |
| 12:33 | Crear | Skirmisher |
| 12:36 | Crear | Villager (Male) |
| 12:36 | Crear | Villager (Male) |
| 13:03 | Crear | Villager (Male) |
| 13:05 | Construir | House |
| 13:06 | Construir | House |
| 13:07 | Construir | Stone Wall |
| 13:09 | Construir | Stone Wall |
| 13:17 | Crear | Skirmisher |
| 13:17 | Crear | Skirmisher |
| 13:25 | Crear | Villager (Male) |
| 13:25 | Crear | Villager (Male) |
| 13:25 | Crear | Villager (Male) |
| 13:30 | Construir | Farm |
| 14:05 | Crear | Villager (Male) |
| 14:05 | Crear | Villager (Male) |
| 14:31 | Construir | Farm |
| 14:32 | Construir | Farm |
| 14:34 | Construir | Farm |
| 14:35 | Construir | Farm |
| 14:48 | Construir | Outpost |
| 14:50 | Construir | Outpost |
| 14:58 | Crear | Villager (Male) |
| 14:58 | Crear | Villager (Male) |
| 15:00 | Construir | Farm |
| 15:04 | Construir | Farm |
| 15:29 | Construir | Outpost |
| 15:33 | Construir | Stone Wall |
| 15:38 | Construir | Stone Wall |
| 15:42 | Crear | Villager (Male) |
| 15:52 | Construir | Market |
| 16:08 | Crear | Villager (Male) |
| 16:08 | Crear | Villager (Male) |
| 16:10 | Construir | Farm |
| 16:43 | Crear | Villager (Male) |
| 16:43 | Crear | Villager (Male) |
| 16:45 | Construir | Farm |
| 16:46 | Construir | Farm |
| 16:48 | Construir | Farm |
| 17:16 | Construir | Farm |
| 17:25 | Construir | Stone Wall |
| 17:26 | Construir | Stone Wall |
| 17:26 | Construir | Stone Wall |
| 17:27 | Construir | Stone Wall |
| 17:27 | Construir | Stone Wall |
| 17:30 | Crear | Villager (Male) |
| 17:50 | Construir | Stone Wall |
| 17:58 | Construir | Farm |
| 18:19 | Investigar | Castle Age |
| 18:19 | Investigar | Castle Age |
| 18:22 | Construir | Farm |
| 19:13 | Construir | Lumber Camp |
| 19:31 | Construir | Archery Range |
| 20:29 | Construir | Archery Range |
| 20:37 | Construir | Archery Range |
| 20:43 | Construir | Outpost |
| 20:47 | Crear | Villager (Male) |
| 20:49 | Investigar | Double-Bit Axe |
| 20:59 | Edad | Edad de los Castillos |
| 21:22 | Crear | Villager (Male) |
| 21:32 | Crear | Unit 1911 |
| 21:32 | Crear | Unit 1911 |
| 21:32 | Crear | Unit 1911 |
| 21:32 | Crear | Unit 1911 |
| 21:33 | Crear | Unit 1911 |
| 21:33 | Crear | Unit 1911 |
| 21:33 | Crear | Unit 1911 |
| 21:35 | Crear | Villager (Male) |
| 21:36 | Investigar | Bow Saw |
| 21:36 | Investigar | Bow Saw |
| 21:40 | Investigar | Horse Collar |
| 21:40 | Investigar | Horse Collar |
| 21:45 | Construir | Stone Wall |
| 21:48 | Crear | Villager (Male) |
| 21:48 | Crear | Villager (Male) |
| 21:48 | Crear | Villager (Male) |
| 21:58 | Crear | Unit 1911 |
| 21:58 | Crear | Unit 1911 |
| 22:15 | Construir | Mining Camp |
| 22:16 | Crear | Villager (Male) |
Build order — 开局不死农就算成功
Primeras 150 de 353 acciones detectadas
| 0:01 | Crear | Villager (Male) |
| 0:01 | Crear | Villager (Male) |
| 0:02 | Construir | House |
| 0:04 | Construir | House |
| 0:24 | Crear | Villager (Male) |
| 0:30 | Crear | Villager (Male) |
| 1:57 | Crear | Villager (Male) |
| 2:02 | Crear | Villager (Male) |
| 2:03 | Crear | Villager (Male) |
| 2:10 | Construir | Lumber Camp |
| 2:39 | Construir | House |
| 2:44 | Crear | Villager (Male) |
| 3:01 | Crear | Villager (Male) |
| 3:39 | Crear | Villager (Male) |
| 4:01 | Crear | Villager (Male) |
| 4:02 | Crear | Villager (Male) |
| 4:02 | Crear | Villager (Male) |
| 4:03 | Crear | Villager (Male) |
| 5:08 | Construir | Mining Camp |
| 5:13 | Crear | Villager (Male) |
| 5:25 | Crear | Villager (Male) |
| 5:40 | Crear | Villager (Male) |
| 6:23 | Investigar | Loom |
| 6:52 | Investigar | Feudal Age |
| 6:52 | Investigar | Feudal Age |
| 7:55 | Construir | Barracks |
| 8:17 | Construir | House |
| 8:58 | Crear | Villager (Male) |
| 9:09 | Edad | Edad Feudal |
| 9:10 | Construir | Archery Range |
| 9:11 | Construir | Archery Range |
| 9:29 | Crear | Villager (Male) |
| 9:45 | Construir | Blacksmith |
| 10:20 | Crear | Villager (Male) |
| 10:21 | Crear | Archer |
| 10:21 | Crear | Archer |
| 10:22 | Crear | Archer |
| 10:28 | Construir | House |
| 10:43 | Construir | Mill |
| 10:44 | Crear | Villager (Male) |
| 11:01 | Crear | Archer |
| 11:01 | Crear | Archer |
| 11:13 | Crear | Archer |
| 11:14 | Crear | Villager (Male) |
| 11:38 | Crear | Archer |
| 11:40 | Crear | Villager (Male) |
| 11:43 | Construir | House |
| 11:52 | Crear | Archer |
| 12:01 | Investigar | Fletching |
| 12:01 | Investigar | Fletching |
| 12:05 | Crear | Spearman |
| 12:15 | Crear | Villager (Male) |
| 12:24 | Crear | Villager (Male) |
| 12:31 | Crear | Villager (Male) |
| 12:40 | Crear | Archer |
| 12:49 | Construir | Market |
| 12:55 | Crear | Spearman |
| 13:09 | Construir | House |
| 13:29 | Crear | Villager (Male) |
| 13:39 | Crear | Villager (Male) |
| 13:40 | Crear | Archer |
| 13:40 | Crear | Archer |
| 13:41 | Crear | Archer |
| 14:12 | Crear | Archer |
| 14:12 | Crear | Archer |
| 14:39 | Crear | Villager (Male) |
| 14:44 | Construir | Farm |
| 14:52 | Construir | House |
| 14:55 | Crear | Archer |
| 15:10 | Construir | House |
| 15:13 | Construir | House |
| 15:15 | Crear | Archer |
| 15:15 | Crear | Archer |
| 16:07 | Crear | Archer |
| 16:07 | Crear | Archer |
| 16:21 | Construir | House |
| 16:27 | Construir | Watch Tower |
| 16:41 | Crear | Villager (Male) |
| 16:53 | Investigar | Double-Bit Axe |
| 17:03 | Construir | Farm |
| 17:09 | Crear | Archer |
| 17:09 | Crear | Archer |
| 17:47 | Crear | Archer |
| 17:47 | Crear | Archer |
| 17:59 | Crear | Skirmisher |
| 17:59 | Crear | Skirmisher |
| 18:03 | Construir | Farm |
| 18:05 | Construir | Farm |
| 18:27 | Construir | Farm |
| 18:33 | Crear | Archer |
| 18:33 | Crear | Archer |
| 18:54 | Construir | Farm |
| 18:56 | Construir | Farm |
| 19:33 | Crear | Skirmisher |
| 19:34 | Crear | Skirmisher |
| 19:40 | Crear | Villager (Male) |
| 19:40 | Crear | Villager (Male) |
| 20:01 | Construir | Building 487 |
| 20:02 | Construir | Stone Wall |
| 20:06 | Crear | Villager (Male) |
| 20:17 | Crear | Villager (Male) |
| 20:23 | Investigar | Padded Archer Armor |
| 20:30 | Crear | Villager (Male) |
| 20:39 | Construir | House |
| 20:45 | Crear | Skirmisher |
| 20:45 | Crear | Skirmisher |
| 20:49 | Crear | Archer |
| 20:58 | Crear | Skirmisher |
| 20:58 | Crear | Skirmisher |
| 21:20 | Crear | Villager (Male) |
| 21:27 | Construir | Farm |
| 21:29 | Construir | Farm |
| 21:35 | Crear | Skirmisher |
| 21:44 | Crear | Villager (Male) |
| 21:50 | Construir | Mining Camp |
| 21:54 | Crear | Skirmisher |
| 21:57 | Crear | Archer |
| 21:57 | Crear | Archer |
| 22:20 | Crear | Villager (Male) |
| 22:38 | Crear | Villager (Male) |
| 22:49 | Crear | Archer |
| 22:49 | Crear | Archer |
| 22:58 | Crear | Archer |
| 22:58 | Crear | Archer |
| 23:12 | Crear | Archer |
| 23:12 | Crear | Archer |
| 23:14 | Crear | Villager (Male) |
| 23:29 | Construir | House |
| 23:57 | Crear | Archer |
| 23:57 | Crear | Archer |
| 23:57 | Crear | Archer |
| 24:15 | Crear | Skirmisher |
| 24:15 | Crear | Skirmisher |
| 24:38 | Investigar | Gold Mining |
| 24:56 | Crear | Archer |
| 24:56 | Crear | Archer |
| 24:57 | Crear | Villager (Male) |
| 26:07 | Investigar | Castle Age |
| 26:08 | Investigar | Castle Age |
| 26:08 | Investigar | Castle Age |
| 26:10 | Crear | Archer |
| 26:10 | Crear | Archer |
| 26:15 | Construir | Lumber Camp |
| 26:36 | Crear | Archer |
| 26:36 | Crear | Archer |
| 26:37 | Crear | Archer |
| 26:40 | Crear | Villager (Male) |
| 26:49 | Crear | Archer |
| 26:58 | Crear | Archer |
| 27:31 | Crear | Archer |
Cronología de la partida
| 6:00 | [RPTea] Fingolfin_aoc · first_building Barracks |
| 6:53 | AiM | Facu1414 · first_building Barracks |
| 7:00 | DisKrete · first_building Barracks |
| 7:55 | 开局不死农就算成功 · first_building Barracks |
| 8:26 | A Useless Axe · first_building Barracks |
| 8:27 | DisKrete · age_up feudal |
| 8:29 | DisKrete · first_building Stable |
| 8:56 | AiM | Facu1414 · age_up feudal |
| 8:57 | mylove__ · first_building Barracks |
| 8:58 | Jaco · age_up feudal |
| 8:59 | AiM | Facu1414 · first_building Archery Range |
| 9:09 | 开局不死农就算成功 · age_up feudal |
| 9:10 | 开局不死农就算成功 · first_building Archery Range |
| 9:18 | [RPTea] Fingolfin_aoc · age_up feudal |
| 9:30 | A Useless Axe · age_up feudal |
| 9:34 | [RPTea] Fingolfin_aoc · first_building Archery Range |
| 9:39 | A Useless Axe · first_building Archery Range |
| 10:43 | mylove__ · age_up feudal |
| 10:53 | mylove__ · first_building Stable |
| 11:07 | A Useless Axe · first_market_sell 100 stone |
| 11:36 | A Useless Axe · first_market_buy 100 stone |
| 13:02 | AiM | Facu1414 · first_building Stable |
| 13:07 | [RPTea] Fingolfin_aoc · wall_segment Stone Wall x1 |
| 13:09 | [RPTea] Fingolfin_aoc · wall_segment Stone Wall x5 |
| 14:36 | 开局不死农就算成功 · first_market_sell 100 wood |
| 14:37 | 开局不死农就算成功 · first_market_buy 100 food |
| 14:47 | mylove__ · age_up castle |
| 15:33 | [RPTea] Fingolfin_aoc · wall_segment Stone Wall x9 |
| 15:38 | [RPTea] Fingolfin_aoc · wall_segment Stone Wall x1 |
| 16:49 | [RPTea] Fingolfin_aoc · first_market_buy 100 food |
| 17:03 | DisKrete · first_market_buy 100 food |
| 17:04 | DisKrete · first_market_sell 100 wood |
| 17:06 | ll SNYPA ll · first_market_buy 100 wood |
| 17:13 | [RPTea] Fingolfin_aoc · first_market_sell 100 wood |
| 17:25 | [RPTea] Fingolfin_aoc · wall_segment Stone Wall x1 |
| 17:26 | [RPTea] Fingolfin_aoc · wall_segment Stone Wall x1 |
| 17:26 | [RPTea] Fingolfin_aoc · wall_segment Stone Wall x1 |
| 17:27 | [RPTea] Fingolfin_aoc · wall_segment Stone Wall x1 |
| 17:27 | [RPTea] Fingolfin_aoc · wall_segment Stone Wall x1 |
| 17:50 | [RPTea] Fingolfin_aoc · wall_segment Stone Wall x14 |
| 17:53 | ll SNYPA ll · first_building Monastery |
| 18:11 | Jaco · first_building Barracks |
| 18:50 | ll SNYPA ll · first_market_sell 100 wood |
| 19:31 | Jaco · first_building Stable |
| 19:43 | Jaco · age_up castle |
| 19:52 | DisKrete · age_up castle |
| 19:54 | DisKrete · first_building Monastery |
| 20:02 | 开局不死农就算成功 · wall_segment Stone Wall x1 |
| 20:59 | [RPTea] Fingolfin_aoc · age_up castle |
| 21:07 | A Useless Axe · age_up castle |
| 21:26 | mylove__ · first_building Monastery |
| 21:45 | [RPTea] Fingolfin_aoc · wall_segment Stone Wall x11 |
| 22:34 | Jaco · first_market_sell 100 wood |
| 23:33 | [RPTea] Fingolfin_aoc · wall_segment Stone Wall x1 |
| 23:33 | [RPTea] Fingolfin_aoc · wall_segment Stone Wall x1 |
| 23:35 | [RPTea] Fingolfin_aoc · wall_segment Stone Wall x1 |
| 23:51 | AiM | Facu1414 · age_up castle |
| 23:53 | AiM | Facu1414 · first_building Siege Workshop |
| 24:43 | ll SNYPA ll · first_building Castle |
| 25:51 | ll SNYPA ll · wall_segment Palisade Wall x1 |
| 25:51 | ll SNYPA ll · wall_segment Palisade Wall x1 |
| 25:52 | ll SNYPA ll · wall_segment Palisade Wall x1 |
| 25:52 | ll SNYPA ll · wall_segment Palisade Wall x1 |
| 25:53 | ll SNYPA ll · wall_segment Palisade Wall x2 |
| 25:53 | ll SNYPA ll · wall_segment Palisade Wall x1 |
| 25:53 | ll SNYPA ll · wall_segment Palisade Wall x1 |
| 25:54 | ll SNYPA ll · wall_segment Palisade Wall x1 |
| 25:54 | ll SNYPA ll · wall_segment Palisade Wall x1 |
| 25:54 | ll SNYPA ll · wall_segment Palisade Wall x1 |
| 25:55 | ll SNYPA ll · wall_segment Palisade Wall x1 |
| 25:55 | ll SNYPA ll · wall_segment Palisade Wall x1 |
| 25:56 | ll SNYPA ll · wall_segment Palisade Wall x1 |
| 25:57 | ll SNYPA ll · wall_segment Palisade Wall x1 |
| 25:58 | ll SNYPA ll · wall_segment Palisade Wall x1 |
| 25:58 | ll SNYPA ll · wall_segment Palisade Wall x1 |
| 25:59 | ll SNYPA ll · wall_segment Palisade Wall x1 |
| 25:59 | ll SNYPA ll · wall_segment Palisade Wall x1 |
| 26:00 | ll SNYPA ll · wall_segment Palisade Wall x1 |
| 26:00 | AiM | Facu1414 · first_market_sell 100 food |
| 26:01 | ll SNYPA ll · wall_segment Palisade Wall x1 |
| 26:01 | AiM | Facu1414 · first_market_buy 100 wood |
| 27:23 | ll SNYPA ll · first_building Barracks |
| 28:15 | mylove__ · first_market_sell 100 wood |
| 28:22 | ll SNYPA ll · first_building Stable |
| 28:47 | 开局不死农就算成功 · age_up castle |
| 29:05 | mylove__ · wall_segment Stone Wall x9 |
| 29:21 | mylove__ · age_up imperial |
| 29:48 | A Useless Axe · wall_segment Palisade Wall x1 |
| 30:05 | ll SNYPA ll · wall_segment Stone Wall x14 |
| 30:11 | mylove__ · wall_segment Stone Wall x1 |
| 30:20 | ll SNYPA ll · wall_segment Stone Wall x20 |
| 32:30 | ll SNYPA ll · wall_segment Stone Wall x1 |
| 33:24 | [RPTea] Fingolfin_aoc · first_building Siege Workshop |
| 33:49 | Jaco · first_building Monastery |
| 34:25 | ll SNYPA ll · first_building Siege Workshop |
| 34:56 | DisKrete · first_building Castle |
| 35:24 | [RPTea] Fingolfin_aoc · first_building Castle |
| 35:27 | A Useless Axe · first_building Monastery |
| 35:58 | 开局不死农就算成功 · first_building Monastery |
| 36:21 | A Useless Axe · wall_segment Palisade Wall x1 |
| 36:37 | ll SNYPA ll · wall_segment Stone Wall x14 |
| 36:42 | ll SNYPA ll · wall_segment Stone Wall x13 |
| 37:36 | Jaco · age_up imperial |
| 37:51 | A Useless Axe · resign |
| 38:38 | mylove__ · first_building Castle |
| 38:40 | AiM | Facu1414 · age_up imperial |
| 39:38 | mylove__ · tribute_sent a jugador 1 |
| 39:38 | mylove__ · tribute_sent a jugador 3 |
| 39:38 | mylove__ · tribute_sent a jugador 4 |
| 39:38 | mylove__ · tribute_sent a jugador 5 |
| 39:38 | mylove__ · tribute_sent a jugador 6 |
| 39:38 | mylove__ · tribute_sent a jugador 7 |
| 39:38 | mylove__ · tribute_sent a jugador 8 |
| 41:25 | DisKrete · age_up imperial |
| 42:20 | [RPTea] Fingolfin_aoc · age_up imperial |
[ ANÁLISIS IA · 1 CRÉDITO ]
¿Qué pasó realmente en esta partida?
Wolo.gg analiza cada decisión: build order, eco, micro, errores típicos por bracket. Análisis personalizado por WhatsApp o Discord en 30 segundos.
Guía civ
Persas
Perfil
Jugador #4490211